[Event "45th National Sub Junior 2019"]
[Site "Tiruchengode"]
[Date "2019.07.12"]
[Round "6.9"]
[White "Komal, Srivatsav Sajja"]
[Black "Srikrishnan P"]
[Result "1/2-1/2"]
[ECO "D00"]
[WhiteElo "1832"]
[BlackElo "1990"]
[Annotator "NA"]
[PlyCount "91"]
[EventDate "2019.07.09"]
[EventCountry "IND"]
[SourceTitle "playchess.com"]
[Source "ChessBase"]
[SourceQuality "1"]
[TimeControl "5400+30"]

1. d4 Nf6 2. Bf4 d5 3. e3 c5 4. c3 Nc6 5. Nd2 Bf5 6. Qb3 Qc8 7. Ngf3 e6 8. Ne5 h6 9. Bb5 Nd7 10. Ndf3 f6 11. Bxc6 bxc6 12. Nxd7 Qxd7 13. O-O Be7 14. c4 O-O 15. Rac1 Rac8 16. Rc3 cxd4 17. Nxd4 Bg6 18. Rfc1 e5 19. cxd5 cxd5 20. Nc6 Bd6 21. Bg3 Bf7 22. Qa4 Rc7 23. b4 Rfc8 24. b5 Kh8 25. Qa6 Re8 26. h3 d4 27. Rd3 Bg6 28. Rd2 d3 29. Rc4 Qe6 30. Qa4 e4 31. Bxd6 Qxd6 32. Qb4 Qe6 33. a4 Rec8 34. Rd1 f5 35. Rd4 Rxc6 36. bxc6 Qxc6 37. Kh2 Bh5 38. Rd2 Qc7+ 39. Qd6 Qc3 40. Qe6 Rf8 41. Qe7 Re8 42. Qb4 Qc7+ 43. Qd6 Qc3 44. Qb4 Qc7+ 45. Qd6 Qc3 46. Qb4 1/2-1/2

[Event "45th National Sub Junior 2019"]
[Site "Tiruchengode"]
[Date "2019.07.12"]
[Round "6.10"]
[White "Mahitosh Dey"]
[Black "Rithvik Raja M"]
[Result "1-0"]
[ECO "A01"]
[WhiteElo "1955"]
[BlackElo "1766"]
[Annotator "NA"]
[PlyCount "67"]
[EventDate "2019.07.09"]
[EventCountry "IND"]
[SourceTitle "playchess.com"]
[Source "ChessBase"]
[SourceQuality "1"]
[TimeControl "5400+30"]

1. g3 e5 2. Bg2 d5 3. b3 Nc6 4. Bb2 Nf6 5. d3 Bc5 6. e3 Bb6 7. Ne2 h5 8. d4 e4 9. Nd2 h4 10. h3 hxg3 11. fxg3 Nh5 12. Nf1 Qg5 13. Qd2 Rh6 14. O-O-O Rf6 15. Nf4 Nxf4 16. gxf4 Qh4 17. a3 g5 18. c4 Na5 19. Qc2 c6 20. Bxe4 gxf4 21. cxd5 fxe3 22. Nxe3 Rf2 23. Qd3 Nxb3+ 24. Qxb3 Qxe4 25. Rhe1 Kd8 26. Qb4 cxd5 27. Qf8+ Kc7 28. Rd3 Qxd3 29. Nxd5+ Kd7 30. Qe7+ Kc6 31. Nb4+ Kb5 32. Nxd3 Rg2 33. Re5+ Ka6 34. Nb4# 1-0

[Event "45th National Sub Junior 2019"]
[Site "Tiruchengode"]
[Date "2019.07.13"]
[Round "7.1"]
[White "Pranav, V."]
[Black "Raja Rithvik R"]
[Result "1/2-1/2"]
[ECO "C83"]
[WhiteElo "2312"]
[BlackElo "2357"]
[Annotator "ChessBase"]
[PlyCount "96"]
[EventDate "2019.07.09"]
[EventCountry "IND"]
[SourceTitle "playchess.com"]
[Source "ChessBase"]
[SourceQuality "1"]
[TimeControl "5400+30"]

1. e4 e5 2. Nf3 Nc6 3. Bb5 a6 4. Ba4 Nf6 5. O-O Nxe4 6. d4 b5 7. Bb3 d5 8. dxe5 Be6 9. Nbd2 Nc5 10. c3 Be7 11. Bc2 d4 12. Nb3 d3 13. Bb1 Nxb3 14. axb3 Bf5 15. Be3 O-O 16. Bd4 Qd5 17. Re1 d2 18. Qxd2 Bxb1 19. Raxb1 Qxb3 20. Qe3 Rfd8 21. h3 Qe6 22. b4 a5 23. bxa5 Rxa5 24. Bc5 Bxc5 25. Qxc5 Rd5 26. Qe3 h6 27. Rbd1 Ra3 28. Qc1 Ra8 29. Rxd5 Qxd5 30. e6 fxe6 31. Qf4 e5 32. Qg4 Rf8 33. Nh4 Ne7 34. Qe2 Qc5 35. Nf3 Ng6 36. Qe4 Rf6 37. Re3 Qc6 38. Qg4 Rf4 39. Nxe5 Rxg4 40. Nxc6 Rc4 41. Na5 Rc5 42. Nb3 Rc4 43. g3 b4 44. cxb4 Rxb4 45. Kg2 Rc4 46. Na5 Rc2 47. Nb3 Rc4 48. Na5 Rc2 1/2-1/2

[Event "45th National Sub Junior 2019"]
[Site "Tiruchengode"]
[Date "2019.07.13"]
[Round "7.2"]
[White "Sanket Chakravarty"]
[Black "Rohith Krishna S"]
[Result "1/2-1/2"]
[ECO "A14"]
[WhiteElo "2107"]
[BlackElo "2312"]
[Annotator "ChessBase"]
[PlyCount "60"]
[EventDate "2019.07.09"]
[EventCountry "IND"]
[SourceTitle "playchess.com"]
[Source "ChessBase"]
[SourceQuality "1"]
[TimeControl "5400+30"]

1. c4 e6 2. g3 d5 3. Bg2 Nf6 4. Nf3 Be7 5. O-O O-O 6. b3 b6 7. Bb2 Bb7 8. cxd5 Nxd5 9. d4 c5 10. Re1 cxd4 11. Qxd4 Bf6 12. Qd2 Bxb2 13. Qxb2 Qf6 14. Qxf6 Nxf6 15. Nbd2 Nbd7 16. Nc4 Nc5 17. Rac1 Rfd8 18. Nfe5 Bxg2 19. Kxg2 Kf8 20. b4 Nb7 21. Nc6 Rdc8 22. N4e5 Rc7 23. e4 Nd6 24. f3 Nfe8 25. a4 b5 26. axb5 Nxb5 27. Rc5 Nbd6 28. Nd4 Rb7 29. b5 Rc8 30. Nec6 Rb6 1/2-1/2

[Event "45th National Sub Junior 2019"]
[Site "Tiruchengode"]
[Date "2019.07.13"]
[Round "7.3"]
[White "Rathneesh R"]
[Black "Samant Aditya S"]
[Result "1/2-1/2"]
[ECO "B67"]
[WhiteElo "2226"]
[BlackElo "2296"]
[Annotator "ChessBase"]
[PlyCount "81"]
[EventDate "2019.07.09"]
[EventCountry "IND"]
[SourceTitle "playchess.com"]
[Source "ChessBase"]
[SourceQuality "1"]
[TimeControl "5400+30"]

1. e4 c5 2. Nf3 d6 3. d4 cxd4 4. Nxd4 Nf6 5. Nc3 Nc6 6. Bg5 e6 7. Qd2 a6 8. O-O-O Bd7 9. f4 b5 10. Bxf6 gxf6 11. Kb1 Qb6 12. Nxc6 Bxc6 13. f5 b4 14. Ne2 e5 15. Ng3 h5 16. h4 Qc5 17. Bd3 Bh6 18. Qe2 Qe3 19. Nxh5 Ke7 20. Qf1 Bxe4 21. Rg1 b3 22. axb3 Rhc8 23. g4 Rxc2 24. Kxc2 Rc8+ 25. Kb1 Rc1+ 26. Ka2 Bxd3 27. Qe1 Qxe1 28. Rgxe1 Rxd1 29. Rxd1 e4 30. Rg1 Be3 31. Rg2 Bc1 32. g5 fxg5 33. hxg5 e3 34. f6+ Kd7 35. Nf4 Be4 36. g6 Bxg6 37. Nxg6 fxg6 38. Kb1 Bd2 39. Kc2 Ke6 40. Rxg6 Kf7 41. Rh6 1/2-1/2

[Event "45th National Sub Junior 2019"]
[Site "Tiruchengode"]
[Date "2019.07.13"]
[Round "7.4"]
[White "Aaryan Varshney"]
[Black "Ilamparthi A R"]
[Result "1-0"]
[ECO "E99"]
[WhiteElo "2284"]
[BlackElo "2036"]
[Annotator "ChessBase"]
[PlyCount "71"]
[EventDate "2019.07.09"]
[EventCountry "IND"]
[SourceTitle "playchess.com"]
[Source "ChessBase"]
[SourceQuality "1"]
[TimeControl "5400+30"]

1. d4 Nf6 2. Nf3 g6 3. c4 Bg7 4. Nc3 O-O 5. e4 d6 6. Be2 e5 7. O-O Nc6 8. d5 Ne7 9. Ne1 Nd7 10. Be3 f5 11. f3 f4 12. Bf2 g5 13. Nd3 h5 14. c5 Nf6 15. Rc1 Ng6 16. cxd6 cxd6 17. Nb5 g4 18. Nc7 g3 19. Nxa8 gxf2+ 20. Rxf2 h4 21. Nc7 h3 22. Ne6 Bxe6 23. dxe6 hxg2 24. Qc2 Nh4 25. Ne1 Nh7 26. Nxg2 Ng5 27. Nxh4 Nh3+ 28. Kf1 Qxh4 29. Rg2 Kh8 30. Qc7 Bf6 31. Qd7 Bg5 32. Rc8 Rxc8 33. Qxc8+ Kh7 34. e7 Bxe7 35. Qg8+ Kh6 36. Qh8# 1-0

[Event "45th National Sub Junior 2019"]
[Site "Tiruchengode"]
[Date "2019.07.13"]
[Round "7.5"]
[White "Anadkat Kartavya"]
[Black "Soham Kamotra"]
[Result "1/2-1/2"]
[ECO "B12"]
[WhiteElo "1941"]
[BlackElo "2136"]
[Annotator "ChessBase"]
[PlyCount "122"]
[EventDate "2019.07.09"]
[EventCountry "IND"]
[SourceTitle "playchess.com"]
[Source "ChessBase"]
[SourceQuality "1"]
[TimeControl "5400+30"]

1. e4 c6 2. d4 d5 3. e5 Bf5 4. h4 h6 5. g4 Be4 6. f3 Bh7 7. Bd3 Bxd3 8. Qxd3 e6 9. h5 c5 10. c3 Nc6 11. Ne2 Qb6 12. a3 Rc8 13. Nd2 Nge7 14. f4 cxd4 15. cxd4 Na5 16. Kf2 g6 17. b3 gxh5 18. Rxh5 Rg8 19. Kf3 Qc7 20. Bb2 Qc2 21. Qxc2 Rxc2 22. Bc3 Nec6 23. b4 Nc4 24. Nxc4 dxc4 25. Rc1 Rxc1 26. Nxc1 b5 27. Na2 a5 28. Rh1 Kd7 29. Rb1 axb4 30. Nxb4 Bxb4 31. Bxb4 Nxd4+ 32. Ke4 Nb3 33. Kf3 Rc8 34. f5 Kc6 35. Rd1 Kb6 36. Rd6+ Rc6 37. fxe6 fxe6 38. Ke3 Nc5 39. Kd4 Rxd6+ 40. exd6 Nd3 41. Bd2 Kc6 42. Bxh6 e5+ 43. Kc3 Nf2 44. a4 bxa4 45. Kxc4 Nxg4 46. Bg5 Nf2 47. Kb4 Ne4 48. Be3 Nxd6 49. Kxa4 Kd5 50. Kb3 Ke4 51. Bg1 Kd5 52. Bh2 e4 53. Bxd6 Kxd6 54. Kc3 Ke5 55. Kd2 Kf4 56. Ke2 e3 57. Ke1 Ke5 58. Ke2 Ke4 59. Ke1 Kd3 60. Kd1 e2+ 61. Ke1 Ke3 1/2-1/2

[Event "45th National Sub Junior 2019"]
[Site "Tiruchengode"]
[Date "2019.07.13"]
[Round "7.5"]
[White "Anadkat Kartavya"]
[Black "Soham Kamotra"]
[Result "*"]
[ECO "B12"]
[WhiteElo "1941"]
[BlackElo "2136"]
[Annotator "ChessBase"]
[PlyCount "45"]
[EventDate "2019.07.09"]
[EventCountry "IND"]
[SourceTitle "playchess.com"]
[Source "ChessBase"]
[SourceQuality "1"]
[TimeControl "5400+30"]

1. e4 c6 2. d4 d5 3. e5 Bf5 4. h4 h6 5. g4 Be4 6. f3 Bh7 7. Bd3 Bxd3 8. Qxd3 e6 9. h5 c5 10. c3 Nc6 11. Ne2 Qb6 12. a3 Rc8 13. Nd2 Nge7 14. f4 cxd4 15. cxd4 Na5 16. Kf2 g6 17. b3 gxh5 18. Rxh5 Rg8 19. Kf3 Qc7 20. Bb2 Qc2 21. Qxc2 Rc6 22. Qc3 Rxc3+ 23. Bxc3 *

[Event "45th National Sub Junior 2019"]
[Site "Tiruchengode"]
[Date "2019.07.13"]
[Round "7.6"]
[White "Kushagra Mohan"]
[Black "Mahitosh Dey"]
[Result "1-0"]
[ECO "C60"]
[WhiteElo "2250"]
[BlackElo "1955"]
[Annotator "ChessBase"]
[PlyCount "55"]
[EventDate "2019.07.09"]
[EventCountry "IND"]
[SourceTitle "playchess.com"]
[Source "ChessBase"]
[SourceQuality "1"]
[TimeControl "5400+30"]

1. e4 e5 2. Nf3 Nc6 3. Bb5 Nge7 4. O-O g6 5. c3 Bg7 6. d4 exd4 7. cxd4 d5 8. exd5 Nxd5 9. Bg5 Qd6 10. Re1+ Be6 11. Nbd2 O-O 12. Nc4 Qb4 13. Bxc6 bxc6 14. Rc1 c5 15. Bd2 Qb5 16. a4 Qa6 17. dxc5 Rab8 18. b3 Rfd8 19. Ng5 Nc3 20. Qf3 Bxc4 21. bxc4 Qf6 22. Qxc3 Qf5 23. Qc2 Rd3 24. Re3 Rxd2 25. Qxd2 Bh6 26. h4 f6 27. Rf3 Qe5 28. Re1 1-0

[Event "45th National Sub Junior 2019"]
[Site "Tiruchengode"]
[Date "2019.07.13"]
[Round "7.7"]
[White "Arjun, Gupta"]
[Black "Ajay Karthikeyan"]
[Result "*"]
[ECO "A41"]
[WhiteElo "1851"]
[BlackElo "2216"]
[Annotator "ChessBase"]
[PlyCount "52"]
[EventDate "2019.07.09"]
[EventCountry "IND"]
[SourceTitle "playchess.com"]
[Source "ChessBase"]
[SourceQuality "1"]
[TimeControl "5400+30"]

1. d4 d6 2. Bf4 g6 3. Nf3 Bg7 4. e3 Nd7 5. c3 e5 6. dxe5 dxe5 7. Bg3 Ne7 8. Bc4 O-O 9. O-O Nf5 10. Nbd2 Qe7 11. e4 Nxg3 12. hxg3 Nb6 13. Bb3 Bd7 14. Qe2 a5 15. a4 Bh6 16. Nc4 Nxc4 17. Bxc4 Rfd8 18. Rfd1 Bg4 19. Rxd8+ Rxd8 20. Rd1 Rd6 21. Kf1 Kf8 22. Ke1 f6 23. Bb3 Be6 24. Bxe6 Qxe6 25. Rd3 Rd5 26. Rxd5 Qd6 *

[Event "45th National Sub Junior 2019"]
[Site "Tiruchengode"]
[Date "2019.07.13"]
[Round "7.7"]
[White "Arjun Gupta"]
[Black "Ajay Karthikeyan"]
[Result "1-0"]
[ECO "A41"]
[WhiteElo "1851"]
[BlackElo "2216"]
[Annotator "ChessBase"]
[PlyCount "93"]
[EventDate "2019.07.09"]
[EventCountry "IND"]
[SourceTitle "playchess.com"]
[Source "ChessBase"]
[SourceQuality "1"]
[TimeControl "5400+30"]

1. d4 d6 2. Bf4 g6 3. Nf3 Bg7 4. e3 Nd7 5. c3 e5 6. dxe5 dxe5 7. Bg3 Ne7 8. Bc4 O-O 9. O-O Nf5 10. Nbd2 Qe7 11. e4 Nxg3 12. hxg3 Nb6 13. Bb3 Bd7 14. Qe2 a5 15. a4 Bh6 16. Nc4 Nxc4 17. Bxc4 Rfd8 18. Rfd1 Bg4 19. Rxd8+ Rxd8 20. Rd1 Rd6 21. Kf1 Kf8 22. Ke1 f6 23. Bb3 Be6 24. Bxe6 Qxe6 25. Rxd6 Qxd6 26. Qb5 b6 27. Ke2 Bc1 28. b4 axb4 29. cxb4 Ba3 30. a5 bxa5 31. bxa5 Qc5 32. Qxc5+ Bxc5 33. g4 g5 34. Nd2 Ke7 35. f3 Kd7 36. Kd3 Bb4 37. Nb3 Kc6 38. Kc4 Be1 39. a6 Bf2 40. Nc1 Bc5 41. Ne2 Bd6 42. Nc3 Kb6 43. Nb5 Bf8 44. a7 Kb7 45. Nxc7 Kxa7 46. Ne8 Kb7 47. Kd5 1-0

[Event "45th National Sub Junior 2019"]
[Site "Tiruchengode"]
[Date "2019.07.13"]
[Round "7.8"]
[White "Nikhil Magizhnan"]
[Black "Komal Srivatsav Sajja"]
[Result "1/2-1/2"]
[ECO "B22"]
[WhiteElo "2164"]
[BlackElo "1832"]
[Annotator "ChessBase"]
[PlyCount "142"]
[EventDate "2019.07.09"]
[EventCountry "IND"]
[SourceTitle "playchess.com"]
[Source "ChessBase"]
[SourceQuality "1"]
[TimeControl "5400+30"]

1. e4 c5 2. c3 Nf6 3. e5 Nd5 4. d4 cxd4 5. cxd4 e6 6. Nc3 d6 7. exd6 Bxd6 8. Bd3 Nf4 9. Bxf4 Bxf4 10. Nf3 O-O 11. Qe2 g6 12. O-O Nc6 13. Rad1 Nxd4 14. Nxd4 Qxd4 15. g3 Bc7 16. Bxg6 Qg7 17. Bc2 Be5 18. Rd3 b6 19. Re1 Bf6 20. Rf3 Bb7 21. Rf4 Kh8 22. Ne4 Bxe4 23. Bxe4 Rac8 24. Qh5 Rc5 25. Qe2 Bg5 26. Rf3 Re5 27. Qf1 f5 28. Bd3 Rc8 29. Kg2 Qf6 30. h4 Bh6 31. Ba6 Rg8 32. Rxe5 Qxe5 33. Rc3 Qe4+ 34. Kh2 f4 35. Bd3 Qf3 36. Qg2 fxg3+ 37. fxg3 Qxg2+ 38. Kxg2 Bf4 39. Bc4 Be5 40. Ra3 a5 41. Re3 Bxb2 42. Rxe6 Rc8 43. Bd3 Bd4 44. Re7 Bg7 45. Rb7 Rd8 46. Be4 Re8 47. Kf3 Rf8+ 48. Kg2 Rf6 49. g4 h6 50. h5 Bf8 51. Bg6 Kg8 52. Bh7+ Kh8 53. Bg6 Kg8 54. Bh7+ Kh8 55. Bf5 Kg8 56. Kf3 Kh8 57. Ke4 Kg8 58. Ke5 Bg7 59. Kd5 Bf8 60. Kc4 Kh8 61. Kb5 Kg8 62. a4 Kh8 63. Rc7 Kg8 64. Bd7 Kh8 65. Bf5 Kg8 66. Ka6 Kh8 67. Kb7 Kg8 68. Kc8 Bc5 69. Kb7 Bf8 70. Ka8 Kh8 71. Kb7 Kg8 1/2-1/2

[Event "45th National Sub Junior 2019"]
[Site "Tiruchengode"]
[Date "2019.07.13"]
[Round "7.9"]
[White "Srikrishnan P"]
[Black "Gugan G"]
[Result "1-0"]
[ECO "E10"]
[WhiteElo "1990"]
[BlackElo "1824"]
[Annotator "NA"]
[PlyCount "83"]
[EventDate "2019.07.09"]
[EventCountry "IND"]
[SourceTitle "playchess.com"]
[Source "ChessBase"]
[SourceQuality "1"]
[TimeControl "5400+30"]

1. d4 Nf6 2. c4 e6 3. Nf3 c5 4. d5 b5 5. Bg5 b4 6. e4 {[%emt 0:00:49] E10: Blumenfeld Gambit} d6 7. Bd3 e5 (7... Be7 8. a3 O-O 9. axb4 cxb4 10. O-O a5 11. dxe6 Bxe6 12. Nd4 Qc8 13. Nd2 h6 {½-½ (25) Mareco,S (2644)-Delgado Ramirez,N (2611) Ponta Grossa 2017}) 8. O-O h6 $146 ({Predecessor:} 8... Be7 9. Bxf6 Bxf6 10. a3 Nd7 11. Qa4 a5 12. Nbd2 O-O 13. Qc2 Be7 {0-1 (30) Szabolcsi,J (2418)-Toth,E (2477) Budapest 2012}) 9. Be3 Be7 10. a3 bxa3 11. Rxa3 O-O 12. Nc3 Na6 13. Ne1 Nb4 14. Be2 Re8 15. Nc2 Bf8 16. f3 Bd7 17. Qd2 Qc7 18. Rfa1 Nh5 $2 (18... a6 $16 {was necessary.}) 19. Nb5 (19. Nxb4 $142 cxb4 20. Nb5 {[%mdl 64] Double Attack}) 19... Bxb5 20. cxb5 Nxc2 21. Qxc2 Nf4 $18 (21... Nf6 $142 22. Ra6 Reb8) 22. Bf1 Nh5 23. Ra6 Reb8 24. b4 Rb6 25. bxc5 dxc5 26. Rxb6 Qxb6 27. Ra6 Qc7 28. Rc6 Qb7 29. Bxc5 Bxc5+ 30. Qxc5 Nf6 31. Rc7 Nd7 32. Rxb7 Nxc5 33. Rc7 Na4 34. Kf2 Kf8 35. Ke3 Ke8 36. Kd3 a6 37. Kc2 axb5 38. Bxb5+ Kf8 39. Bc6 Ra5 40. Kb3 Nb6 41. Rb7 Nxd5 42. Bxd5 1-0

[Event "45th National Sub Junior 2019"]
[Site "Tiruchengode"]
[Date "2019.07.13"]
[Round "7.10"]
[White "Ayushh Ravikumar"]
[Black "Ayyappan P Santhana Prabu"]
[Result "1-0"]
[ECO "D43"]
[WhiteElo "1946"]
[BlackElo "1798"]
[Annotator "NA"]
[PlyCount "113"]
[EventDate "2019.07.09"]
[EventCountry "IND"]
[SourceTitle "playchess.com"]
[Source "ChessBase"]
[SourceQuality "1"]
[TimeControl "5400+30"]

1. d4 d5 2. c4 c6 3. Nc3 e6 4. Nf3 Nf6 5. Bg5 h6 6. Bxf6 Qxf6 7. e3 g6 8. Qc2 {[%emt 0:01:20] D43: Semi-Slav: 5 Bg5 h6} (8. Be2 Bg7 9. O-O O-O 10. Rc1 Nd7 11. cxd5 exd5 12. b4 a6 13. a4 Qd6 14. b5 axb5 15. axb5 Nb6 {½-½ (45) Wojtaszek,R (2749)-Vitiugov,N (2709) Shenzhen 2018}) 8... Bg7 9. cxd5 O-O 10. dxe6 Bxe6 11. Bd3 Nd7 12. O-O Rfe8 13. Nd2 $146 ({Predecessor:} 13. a3 Qe7 14. Rfe1 Rad8 15. b4 a6 {1-0 (28) Solomon,K (2383)-Hagen,A (2085) Tromsoe 2010}) 13... Qe7 14. Bc4 Bxc4 15. Nxc4 Nf6 16. Rfd1 Rad8 17. Rac1 Kh7 18. Qb3 Nd5 19. g3 h5 20. Nxd5 Rxd5 21. Qa3 Qxa3 22. Nxa3 Red8 23. Nb1 Ra5 24. Nc3 c5 25. dxc5 Rxd1+ 26. Rxd1 Rxc5 27. Rd7 b5 28. Rxf7 b4 29. Na4 Rc1+ 30. Kg2 Ra1 31. a3 a5 32. Ra7 bxa3 33. bxa3 Rxa3 34. Rxa5 Kh6 35. Ra8 Ra2 36. Nb6 Rb2 37. Nd5 Rc2 38. Ra6 Kh7 39. Nf6+ Kh6 40. Re6 Ra2 41. h4 Rb2 (41... Ra5 {was necessary.} 42. e4 Bxf6) 42. Nd7 Bc3 43. Ne5 Kh7 44. Nf3 Ra2 45. Rc6 Ba1 46. Rd6 Bc3 47. Rc6 $2 (47. Rd3 $18 Bf6 48. Rd7+ Kg8 49. Nd2) 47... Ba1 $1 48. Ne1 Be5 49. Rc2 Ra6 50. f4 Bf6 51. Nf3 Kg7 52. e4 $18 Kf7 53. Rc7+ Ke6 54. e5 Bd8 55. Nd4+ Kd5 56. Rd7+ Kc4 57. Rxd8 1-0

[Event "45th National Sub Junior 2019"]
[Site "Tiruchengode"]
[Date "2019.07.14"]
[Round "8.1"]
[White "Raja Rithvik R"]
[Black "Sanket Chakravarty"]
[Result "1-0"]
[ECO "E73"]
[WhiteElo "2357"]
[BlackElo "2107"]
[Annotator "ChessBase"]
[PlyCount "61"]
[EventDate "2019.07.09"]
[EventCountry "IND"]
[SourceTitle "playchess.com"]
[Source "ChessBase"]
[SourceQuality "1"]
[TimeControl "5400+30"]

1. d4 Nf6 2. c4 g6 3. Nc3 Bg7 4. e4 d6 5. Be2 O-O 6. Be3 e5 7. d5 a5 8. g4 Na6 9. h4 Nc5 10. f3 h5 11. g5 Ne8 12. Qd2 Bd7 13. O-O-O Qc8 14. Kb1 a4 15. Bf1 b6 16. Bh3 Kh8 17. Bxd7 Nxd7 18. Nge2 Nc5 19. Nc1 Ra5 20. Nd3 Nxd3 21. Qxd3 Kg8 22. Nb5 Bh8 23. Bd2 Ra8 24. Rdf1 c6 25. dxc6 Qxc6 26. Bb4 Ng7 27. Qd5 Qc8 28. Nxd6 Qa6 29. f4 exf4 30. Rxf4 Ne6 31. Rxf7 1-0

[Event "45th National Sub Junior 2019"]
[Site "Tiruchengode"]
[Date "2019.07.14"]
[Round "8.2"]
[White "Rohith Krishna S"]
[Black "Pranav, V."]
[Result "1/2-1/2"]
[ECO "A46"]
[WhiteElo "2312"]
[BlackElo "2312"]
[Annotator "ChessBase"]
[PlyCount "86"]
[EventDate "2019.07.09"]
[EventCountry "IND"]
[SourceTitle "playchess.com"]
[Source "ChessBase"]
[SourceQuality "1"]
[TimeControl "5400+30"]

1. Nf3 Nf6 2. g3 d5 3. d4 b5 4. Bg2 e6 5. O-O a5 6. a4 b4 7. Bf4 Bd6 8. Bxd6 cxd6 9. c3 O-O 10. Nbd2 Ba6 11. Re1 bxc3 12. bxc3 Nbd7 13. Qb3 Qc7 14. e3 Bd3 15. Bf1 Rab8 16. Qa3 Bxf1 17. Rxf1 Nb6 18. Rab1 Qc6 19. Rb5 Nxa4 20. Rxa5 Ra8 21. Rxa8 Rxa8 22. Ra1 Nd7 23. Qb4 Ndb6 24. Ra3 h6 25. Kg2 Re8 26. c4 dxc4 27. Nxc4 Nxc4 28. Qxa4 Qxa4 29. Rxa4 d5 30. Ra2 Rb8 31. Nd2 Nd6 32. h4 Nf5 33. Nf3 Nd6 34. Nd2 h5 35. Nf3 f6 36. Ne1 Rb3 37. Nf3 Nf5 38. Ra6 Rb2 39. Kg1 Kf7 40. Ra7+ Kg6 41. Ra6 Kf7 42. Ra7+ Kf8 43. Ra6 Kf7 1/2-1/2

[Event "45th National Sub Junior 2019"]
[Site "Tiruchengode"]
[Date "2019.07.14"]
[Round "8.3"]
[White "Samant Aditya S"]
[Black "Aaryan Varshney"]
[Result "1-0"]
[ECO "B90"]
[WhiteElo "2296"]
[BlackElo "2284"]
[Annotator "ChessBase"]
[PlyCount "93"]
[EventDate "2019.07.09"]
[EventCountry "IND"]
[SourceTitle "playchess.com"]
[Source "ChessBase"]
[SourceQuality "1"]
[TimeControl "5400+30"]

1. e4 c5 2. Nf3 d6 3. d4 cxd4 4. Nxd4 Nf6 5. Nc3 a6 6. h3 e5 7. Nde2 h5 8. Bg5 Be6 9. Bxf6 Qxf6 10. Nd5 Qd8 11. Qd3 Nd7 12. O-O-O g6 13. Kb1 Nc5 14. Qf3 Bg7 15. Nec3 b5 16. Ne3 O-O 17. Ncd5 Rc8 18. h4 Na4 19. g3 Nb6 20. Nxb6 Qxb6 21. Bh3 Qc5 22. g4 Bh6 23. g5 Bg7 24. Rd2 Qb4 25. Rd3 Rc6 26. Nd5 Bxd5 27. Rxd5 Rd8 28. Rhd1 Qa4 29. Qd3 Qc4 30. Qxc4 Rxc4 31. f3 Rc6 32. a4 bxa4 33. Ra5 Kf8 34. Rxa4 Rb8 35. Bf1 Rbb6 36. Rd5 f6 37. Rda5 fxg5 38. hxg5 Rc3 39. Bxa6 Kg8 40. Bc4+ Kh7 41. Ra8 Rxf3 42. R4a7 d5 43. Bxd5 Rf1+ 44. Ka2 Rg1 45. Rg8 Rxg5 46. Rgxg7+ Kh6 47. Rh7# 1-0

[Event "45th National Sub Junior 2019"]
[Site "Tiruchengode"]
[Date "2019.07.14"]
[Round "8.4"]
[White "Kushagra Mohan"]
[Black "Arjun Gupta"]
[Result "1/2-1/2"]
[ECO "B81"]
[WhiteElo "2250"]
[BlackElo "1851"]
[Annotator "NA"]
[PlyCount "134"]
[EventDate "2019.07.09"]
[EventCountry "IND"]
[SourceTitle "playchess.com"]
[Source "ChessBase"]
[SourceQuality "1"]
[TimeControl "5400+30"]

1. e4 c5 2. Nf3 d6 3. d4 cxd4 4. Nxd4 Nf6 5. Nc3 a6 6. h3 e6 7. g4 d5 8. exd5 Nxd5 9. Nde2 Bb4 10. Bg2 O-O 11. O-O Nxc3 12. Nxc3 Qc7 13. Qd4 Bd6 14. Be3 Bd7 15. Rad1 Bh2+ 16. Kh1 Be5 17. Qb6 Bc6 18. Qxc7 Bxc7 19. f4 Bxg2+ 20. Kxg2 Nc6 21. Rd7 Rac8 22. Ne4 Nb4 23. Bc5 {[%emt 0:06:29] Double Attack} Rfd8 $1 24. Rxd8+ Rxd8 25. Bxb4 Rd4 {[%emt 0:00:07] Double Attack} 26. Nf6+ gxf6 27. Bc3 Rc4 28. f5 (28. Bxf6 $11 Rxc2+ 29. Kf3) 28... exf5 $1 29. Rxf5 Be5 $1 30. Rf3 Kg7 31. Rd3 {[%emt 0:00:34] [#]} Bxc3 $1 32. bxc3 Ra4 33. Rd7 (33. a3 $17) 33... Rxa2 34. Rxb7 Rxc2+ 35. Kg3 Rxc3+ 36. Kh4 Ra3 37. Rb6 Kg6 38. Rb8 Ra4 39. Rg8+ (39. Kg3 $19) 39... Kh6 40. Kg3 Ra3+ 41. Kh4 a5 42. Ra8 a4 (42... Kg7 $19 43. Ra7 h6) 43. Ra5 Kg6 (43... Ra1 $19 44. Ra6 Kg6) 44. Ra6 Kg7 (44... h6 $19 {is more deadly.} 45. Ra8 f5 46. Rg8+ Kf6) 45. Ra8 $2 {[%emt 0:00:52] [#]} (45. Ra5 $17) 45... h5 $2 (45... h6 $1 $19 46. Rc8 Rb3) 46. gxh5 Ra1 47. Ra6 a3 48. Ra5 a2 49. Ra6 Kh7 50. Ra7 Kh6 51. Ra6 Kg7 52. Ra5 f5 53. Ra6 f6 54. Ra7+ $1 Kh6 55. Ra6 f4 56. Rxf6+ Kh7 57. Ra6 f3 58. Ra7+ Kg8 $11 59. Ra8+ Kf7 60. h6 f2 61. h7 f1=Q 62. h8=Q Qf4+ 63. Kh5 Qf5+ 64. Kh4 Qe4+ 65. Kh5 Qf5+ 66. Kh4 Qf4+ 67. Kh5 Qf5+ 1/2-1/2

[Event "45th National Sub Junior 2019"]
[Site "Tiruchengode"]
[Date "2019.07.14"]
[Round "8.5"]
[White "Devesh Anand Naik"]
[Black "Rathneesh R"]
[Result "1/2-1/2"]
[ECO "B44"]
[WhiteElo "1943"]
[BlackElo "2226"]
[Annotator "ChessBase"]
[PlyCount "60"]
[EventDate "2019.07.09"]
[EventCountry "IND"]
[SourceTitle "playchess.com"]
[Source "ChessBase"]
[SourceQuality "1"]
[TimeControl "5400+30"]

1. e4 c5 2. Nf3 e6 3. d4 cxd4 4. Nxd4 Nc6 5. c4 Nf6 6. Nxc6 bxc6 7. Bd3 e5 8. Be3 Be7 9. O-O d6 10. f3 O-O 11. Nc3 Be6 12. Rf2 Nd7 13. Rd2 Nb6 14. Qe2 Bg5 15. b3 Bxe3+ 16. Qxe3 Qe7 17. Rad1 Rad8 18. a4 Qb7 19. Bc2 Qc7 20. c5 dxc5 21. Qxc5 Rxd2 22. Rxd2 Nd7 23. Qe3 Qb6 24. Qxb6 axb6 25. b4 Rc8 26. Bb3 Nf8 27. Bxe6 Nxe6 28. Rd7 Rb8 29. Rd6 Nd4 30. b5 cxb5 1/2-1/2

[Event "45th National Sub Junior 2019"]
[Site "Tiruchengode"]
[Date "2019.07.14"]
[Round "8.6"]
[White "Soham Kamotra"]
[Black "Praloy Sahoo"]
[Result "0-1"]
[ECO "A29"]
[WhiteElo "2136"]
[BlackElo "1905"]
[Annotator "ChessBase"]
[PlyCount "158"]
[EventDate "2019.07.09"]
[EventCountry "IND"]
[SourceTitle "playchess.com"]
[Source "ChessBase"]
[SourceQuality "1"]
[TimeControl "5400+30"]

1. c4 e5 2. g3 Nf6 3. Bg2 d5 4. cxd5 Nxd5 5. Nc3 Nb6 6. Nf3 Nc6 7. O-O Be7 8. d3 O-O 9. a3 Be6 10. b4 a5 11. b5 Nd4 12. Nxd4 exd4 13. Na4 Bd5 14. Nxb6 cxb6 15. Bxd5 Qxd5 16. Qa4 Bf6 17. Bb2 Rfe8 18. Rfe1 Rac8 19. Rac1 h6 20. Rxc8 Rxc8 21. e4 dxe3 22. Bxf6 exf2+ 23. Kxf2 Qf5+ 24. Qf4 Rc2+ 25. Re2 Qxd3 26. Rxc2 Qxc2+ 27. Kg1 gxf6 28. a4 Kg7 29. Qg4+ Qg6 30. Qd4 Qb1+ 31. Kg2 Qa2+ 32. Kh3 Qe6+ 33. g4 Qb3+ 34. Kh4 Qc2 35. Kh3 Qc5 36. Qe4 Qc3+ 37. Kg2 Qb4 38. Kf3 Qc3+ 39. Kg2 Qd2+ 40. Kh3 Qd7 41. Qf4 Qd3+ 42. Kg2 Qd5+ 43. Kg3 Kg6 44. h4 Qd3+ 45. Kg2 Qd5+ 46. Kg3 Qd3+ 47. Kg2 Qe2+ 48. Kg3 Qe1+ 49. Kh3 Qh1+ 50. Kg3 Qg1+ 51. Kf3 Kg7 52. Qe3 Qd1+ 53. Kg3 Qxa4 54. Qxb6 Qb3+ 55. Kf4 Qc4+ 56. Kg3 Qc3+ 57. Kf4 Qe5+ 58. Kf3 Qd5+ 59. Ke3 a4 60. Qa5 Qb3+ 61. Kf4 a3 62. g5 hxg5+ 63. hxg5 fxg5+ 64. Kxg5 Qg3+ 65. Kf5 Qg6+ 66. Kf4 Qd6+ 67. Kf3 Qd5+ 68. Kf4 Qd4+ 69. Kf5 Qf2+ 70. Kg5 Qc5+ 71. Kf4 Qc4+ 72. Kg3 Qb3+ 73. Kf4 a2 74. b6 Qc4+ 75. Ke3 Qc1+ 76. Ke2 a1=Q 77. Qf5 Qe1+ 78. Kf3 Qac3+ 79. Kg2 Qcg3# 0-1